 Dungeon Crawl Stone Soup version 0.28.0-43-g3370ac3207 (webtiles) character file.

Game seed: 12036603660162069660

31 Saba the Bolt Thrower (level 3, -1/22 HPs)
             Began as a Gargoyle Hunter on Apr 2, 2022.
             Slain by a goblin
             ... wielding a +0 club
             ... led by Robin
              (5 damage)
             ... on level 2 of the Dungeon.
             The game lasted 00:01:39 (1609 turns).

Saba the Bolt Thrower (Gargoyle Hunter)             Turns: 1609, Time: 00:01:40

Health: -1/22      AC: 10    Str: 17    XL:     3   Next: 22%
Magic:  3/3        EV: 10    Int: 11    God:
Gold:   73         SH:  0    Dex: 10    Spells: 2/2 levels left

rFire   . . .      SeeInvis .   b - +0 short sword
rCold   . . .      Faith    .   (no shield)
rNeg    + . .      Spirit   .   j - +0 scale mail
rPois   ∞          Reflect  .   (no helmet)
rElec   +          Harm     .   f - +0 cloak
rCorr   .          Rampage  .   (no gloves)
Will    .....                   (no boots)
Stlth   ..........              (no amulet)
HPRegen 0.07/turn               (no ring)
MPRegen 0.08/turn               (no ring)

@: no status effects
A: sickness immunity, AC +3, negative energy resistance 1, electricity
resistance, torment resistance 1, petrification resistance
a: no special abilities


You were on level 2 of the Dungeon.
You visited 1 branch of the dungeon, and saw 2 of its levels.

You collected 73 gold pieces.

Inventory:

Hand Weapons
 a - a +1 hand crossbow
 b - a +0 short sword (weapon)
Missiles
 c - 12 arrows
 d - 20 bolts
Armour
 f - a +0 cloak (worn)
 j - a +0 scale mail (worn)
Scrolls
 e - a scroll of immolation {unknown}
 g - a scroll of vulnerability {unknown}
 i - a scroll of identify {unknown}
Potions
 h - a potion of might {unknown}


   Skills:
 + Level 2.7 Fighting
 + Level 4.2 Crossbows
 + Level 1.3 Armour
 + Level 2.0 Dodging
 - Level 1.1 Stealth


You had 2 spell levels left.
You didn't know any spells.
Your spell library contained the following spells:

 Spells                   Type           Power      Damage    Failure   Level
 Freeze                   Ice            0%         1d3       77%         1
 Frozen Ramparts          Ice            0%         1d2       98%         3
 Hailstorm                Conj/Ice       0%         3d3       100%        4


Dungeon Overview and Level Annotations

Branches:
Dungeon (2/15)

Altars:

Annotations:
D:2 Robin


Innate Abilities, Weirdness & Mutations

You are immune to sickness and miasma.
Your stone body is resilient. (AC +3)
You are immune to poison.
You resist negative energy. (rN+)
You are resistant to electric shocks. (rElec)
You are resistant to unholy torment.
You are immune to petrification.


Message History

The goblin hits you but does no damage.
Found a silvery potion.
The goblin no longer looks unusually strong.
You hit the goblin.
The goblin is severely wounded.
The goblin hits you but does no damage.
You hit the goblin.
You kill the goblin!
Your Dodging skill increases to level 2!
You hit the goblin.
You kill the goblin!
You barely miss the goblin. The goblin hits you but does no damage.
You hit the goblin.
The goblin is moderately wounded.
The goblin hits you but does no damage.
A goblin comes into view. It is wielding a +0 club.
The goblin shouts!
You hit the goblin.
You kill the goblin!
Robin roars a battlecry!
The goblins go into a battle-frenzy!
You hit the goblin but do no damage. The goblin hits you but does no damage.
You barely miss the goblin. The goblin hits you with a +0 dagger.
Robin throws the goblin at you! Robin hits you with a +0 dagger.
Items here: ))) †.
You hit the goblin.
The goblin is moderately wounded.
The goblin hits you with a +0 dagger.
* * * LOW HITPOINT WARNING * * *
You barely miss the goblin.
The goblin is moderately wounded.
The goblin closely misses you. Robin hits you but does no damage.
You puncture the goblin!
You kill the goblin!
The goblin closely misses you. Robin throws the goblin at you!
The goblin hits you but does no damage.
You hit the goblin but do no damage. Robin completely misses you.
The goblin hits you with a +0 club.
You die...

###########
#..g@g....#
#.###.##############
#.###..............#
...........<........#
!...................#
.#.####.............#
# #.............#
+.............#
#.............#


You could see Robin and a goblin (strong).

Vanquished Creatures
  A bat (D:1)
  2 endoplasms (D:1)
  8 goblins
  A hobgoblin (D:2)
  3 kobolds (D:1)
  3 quokkas (D:1)
  3 ball pythons (D:1)
  3 frilled lizards (D:1)
  3 rats (D:1)
27 creatures vanquished.

Notes
Turn   | Place    | Note
-------+----------+-------------------------------------------
     0 | D:1      | Saba the Gargoyle Hunter began the quest for the Orb.
     0 | D:1      | Reached XP level 1. HP: 12/12 MP: 1/1
   335 | D:1      | Reached XP level 2. HP: 18/18 MP: 2/2
   713 | D:1      | Reached skill level 1 in Armour
   907 | D:1      | Found a faded altar of an unknown god.
  1565 | D:2      | Noticed Robin
  1574 | D:2      | Reached XP level 3. HP: 21/22 MP: 3/3
  1609 | D:2      | Slain by a goblin

Illustrated notes

Levels and vault maps discovered:
D:1:      kilobyte_arrival_exit_the_forest, layout_loops_corners,
          ebering_ecumenical_altar_rust
D:2:      layout_basic, uniq_robin

Skill      XL: |  1  2  3 |
---------------+----------+-----
Armour         | 1 |  1.3
Dodging        | 2 |  2.0
Fighting       | |  2.7
Crossbows      | |  4.2
Stealth        | |  1.1

Action                   || total
-------------------------++-------
Melee: Short sword       ||   124
       Punch             ||     2
Armor: Leather armour    ||    29
       Scale mail        ||    49
Dodge: Dodged            ||    72
